Match 41378181
Unlisted

Match 41378181
End
Panzerpioneer Squad
Selects Armored Support Battlegroup
Panzerpioneer Squad
Construct Light Support Kompanie
MG34 Team
Fire Support Elements
MG34 Team
Selects Superior Fire Drills
Pak 38 Anti-tank Gun Team
2.5-tonne Medical Truck
Flakvierling Half-track
Selects Salvage Kits
Vehicle Survival Package
Selects Panzer Storm
Construct Panzerarmee Kommand
Panzer III L Medium Tank
Emergency Repair Kits
Rapid Advance
2.5-tonne Medical Truck
M4X
CoBrA <X-
N0.1<x
Brucaccio
STALKER4732
SoyaLors
ezh
Devochkin
0
0

Comments sign in to comment!

No comments posted yet!